 Dungeon Crawl Stone Soup version 0.23-a0-899-gbbae0a3 (webtiles) character file.

Game seed: 14975374202058424673

457 Think the Sneak (level 7, 0/48 HPs)
             Began as an Octopode Fighter on Jan 29, 2019.
             Was a Believer of Uskayaw.
             Slain by Pikel
             ... wielding a +1 whip of flaming
              (10 damage)
             ... on level 4 of the Dungeon.
             The game lasted 00:07:23 (3135 turns).

Think the Sneak (Octopode Fighter)                  Turns: 3135, Time: 00:07:24

Health: 0/48       AC:  1    Str: 15    XL:     7   Next: 6%
Magic:  7/7        EV: 14    Int: 11    God:    Uskayaw [**....]
Gold:   107        SH:  5    Dex: 13    Spells: 6/6 levels left

rFire    . . .     SeeInvis .   a - +1 rapier
rCold    . . .     Gourm    .   o - +0 buckler
rNeg     . . .     Faith    .   (helmet restricted)
rPois    .         Spirit   .   (no amulet)
rElec    .         Reflect  .   f - ring of stealth
rCorr    .         Harm     .   (no ring)
MR       .....                  (no ring)
Stlth    +++++.....             (no ring)
HPRegen  0.16/turn              (no ring)
MPRegen  0.10/turn              (no ring)
                                (no ring)
                                (no ring)

@: no status effects
A: almost no armour, stealthy swim, amphibious, 8 rings, constrict 8, camouflage
1, gelatinous body 1
a: Stomp, Line Pass, Renounce Religion


You were on level 4 of the Dungeon.
You worshipped Uskayaw.
Uskayaw was noncommittal.
You were very hungry.

You visited 1 branch of the dungeon, and saw 5 of its levels.

You collected 107 gold pieces.

Inventory:

Hand Weapons
 a - a +1 rapier (weapon)
Armour
 b - a +0 shield
 o - a +0 buckler (worn)
Jewellery
 f - a ring of stealth (left tentacle)
Scrolls
 e - a scroll of blinking {unknown}
 g - 2 scrolls of teleportation
 i - a scroll of enchant weapon
 k - a scroll of fog {unknown}
 p - a scroll of amnesia {unknown}
Potions
 c - a potion of might
 h - a potion of heal wounds
 l - 2 potions of flight
 m - a potion of degeneration
 n - a potion of cancellation
Comestibles
 d - 3 rations


   Skills:
 + Level 4.2 Fighting
 * Level 3.8 Short Blades
 + Level 3.2 Dodging
 * Level 6.1 Stealth
 - Level 4.1 Shields


You had 6 spell levels left.
You didn't know any spells.
Your spell library was empty.

Dungeon Overview and Level Annotations

Branches:
Dungeon (5/15)
 Temple: D:4-7

Altars:
Ru
Uskayaw
Yredelemnul

Annotations:
D:4 Pikel


Innate Abilities, Weirdness & Mutations

You cannot wear most types of armour.
You are very stealthy in the water. (Stealth+)
You are amphibious.
You can wear up to eight rings at the same time.
You can use your tentacles to constrict eight enemies at once.
Your skin changes colour to match your surroundings (Stealth+).
Your rubbery body absorbs attacks. (AC +1, EV +1)


Message History

You can now pass through a line of other dancers.
You are too injured to fight recklessly!
You are too injured to fight recklessly!
You are too injured to fight recklessly!
You are too injured to fight recklessly!
Okay, then.
You hit Pikel but do no damage.
Pikel is heavily wounded.
You constrict Pikel. You block the slave's attack. The slave hits you.
The slave completely misses you. The slave closely misses you.
Pikel closely misses you.
You hit Pikel.
Pikel is severely wounded.
You constrict Pikel. The slave hits you!
* * * LOW HITPOINT WARNING * * *
The slave barely misses you. The slave hits you.
* * * LOW HITPOINT WARNING * * *
The leopard gecko closely misses you. The slave misses you.
Pikel hits you with a +1 whip of flaming!
You die...

......... ##.......##
#.)........ .
#.(........ ..
#$$......?.
...##...<......
.≈.....pKp%..... ....#
#.p@p....#
#...###..$l...#..
........######
#.......# ... #.......#
..).# #.......# ##..
(...#####.......##.....
.#..#....>.............
..#.#.###....)..#.##...


You could see Pikel, 4 slaves and a leopard gecko.

Vanquished Creatures
  Sigmund (D:2)
  An orc priest (D:4)
  Terence (D:3)
  Natasha (thrice) (D:2)
  2 worker ants (D:4)
  An adder (D:2)
  An ooze (D:3)
  2 worms
  A dart slug (D:2)
  3 leopard geckos
  13 orcs
  10 bats
  4 giant cockroaches
  6 hobgoblins
  6 jackals (D:1)
  4 kobolds
  A quokka (D:3)
  3 ball pythons (D:3)
  A ball python skeleton (D:4)
  6 frilled lizards
  11 goblins
  A leopard gecko skeleton (D:4)
  11 rats
93 creatures vanquished.

Notes
Turn   | Place    | Note
-------+----------+-------------------------------------------
     0 | D:1      | Think the Octopode Fighter began the quest for the Orb.
     0 | D:1      | Reached XP level 1. HP: 16/16 MP: 1/1
     0 | D:1      | Upgraded the game from 0.23-a0-896-g250879e to
                  | 0.23-a0-899-gbbae0a3
    55 | D:1      | Reached skill level 1 in Stealth
   255 | D:1      | Reached XP level 2. HP: 21/21 MP: 2/2
   478 | D:1      | Reached skill level 2 in Stealth
   516 | D:1      | Reached XP level 3. HP: 5/26 MP: 3/3
  1068 | D:2      | Noticed Sigmund
  1074 | D:2      | Killed Sigmund
  1074 | D:2      | Reached skill level 4 in Stealth
  1074 | D:2      | Reached XP level 4. HP: 28/33 MP: 4/4
  1074 | D:2      | Reached XP level 5. HP: 31/37 MP: 5/5
  1243 | D:2      | Noticed Natasha
  1249 | D:2      | Noticed a +0 hand axe
  1249 | D:2      | Noticed a +0 hand axe
  1252 | D:2      | Killed Natasha
  1252 | D:2      | Reached XP level 6. HP: 43/43 MP: 6/6
  1253 | D:2      | Found a hide-covered altar of Uskayaw.
  1267 | D:2      | Became a worshipper of Uskayaw the Reveler
  1292 | D:2      | Reached skill level 5 in Stealth
  1292 | D:2      | Reached * piety under Uskayaw
  1328 | D:2      | Noticed Natasha
  1342 | D:2      | Killed Natasha
  1342 | D:2      | Reached ** piety under Uskayaw
  1359 | D:2      | Found a sacrificial altar of Ru.
  1368 | D:2      | Noticed Natasha
  1381 | D:2      | Killed Natasha
  1946 | D:3      | Noticed Terence
  1957 | D:3      | Reached *** piety under Uskayaw
  1958 | D:3      | Killed Terence
  2173 | D:3      | Found a basalt altar of Yredelemnul.
  2834 | D:5      | Entered Level 5 of the Dungeon
  3114 | D:4      | Reached skill level 6 in Stealth
  3114 | D:4      | Reached XP level 7. HP: 35/48 MP: 7/7
  3126 | D:4      | Noticed Pikel
  3135 | D:4      | Slain by Pikel

Vault maps used:
D:1:      wander_arrival_desolate
D:2:      dancing_weapons_uskayaw, nicolae_ru_the_path_less_chosen,
          uniq_natasha, uniq_sigmund
D:3:      yredelemnul_altar_generic, minmay_cupped, uniq_terence
D:4:      first_ration, nicolae_elemental_shop, uniq_pikel
D:5:      kennysheep_generic_room_11, uniq_menkaure

Skill      XL: |  1  2  3  4  5  6 |
---------------+-------------------+-----
Stealth        | 1 2 4 6 |  6.1
Short Blades   | 3 |  3.8
Shields        | 4 |  4.1
Fighting       | 4 |  4.2
Dodging        | |  3.2

Action                   |  1- 3 |  4- 6 |  7- 9 || total
-------------------------+-------+-------+-------++-------
Melee: Rapier            |    47 |   105 |     7 ||   159
       Constrict         |    17 |    25 |     1 ||    43
       Tentacles         |     5 |    22 |       ||    27
  Use: Potion            |     1 |       |       ||     1
       Scroll            |       |     6 |       ||     6
 Stab: Sleeping          |     3 |    23 |       ||    26
       Paralysed         |       |     1 |       ||     1
  Eat: Chunk             |       |     6 |       ||     6
Armor: Skin              |     7 |     1 |       ||     8
Dodge: Dodged            |    26 |    45 |    12 ||    83
Block: Shield            |    20 |    25 |       ||    45
       Buckler           |       |     4 |     1 ||     5

Table legend:
 A = Non-vault XP
 B = Vault XP
 C = Vault XP percentage of total XP
 D = Non-vault monster count
 E = Vault monster count
 F = Vault count percentage of total count
                 A         B        C        D         E       F
            +---------+---------+-------+---------+---------+-------
      Total |     352 |     301 |  46.1 |      85 |       8 |   8.6
            +---------+---------+-------+---------+---------+-------
        D:1 |      44 |       0 |   0.0 |      27 |       0 |   0.0
        D:2 |     112 |     255 |  69.5 |      20 |       2 |   9.1
        D:3 |      59 |      46 |  43.8 |      24 |       6 |  20.0
        D:4 |     128 |       0 |   0.0 |      11 |       0 |   0.0
        D:5 |       9 |       0 |   0.0 |       3 |       0 |   0.0
            +---------+---------+-------+---------+---------+-------
